[Event "*** Qualifier 4: Titled Tuesday 3|2 Blitz"]
[Site "Chess.com"]
[Date "2017.04.25"]
[Round "4"]
[White "Astaneh"]
[Black "Abrito99"]
[Result "1-0"]
[WhiteElo "2454"]
[BlackElo "2276"]
[TimeControl "180+2"]
[EndTime "13:48:06 PDT"]
[Termination "Astaneh won by resignation"]

1. e4 c5 2. Nc3 Nc6 3. b3 e6 4. Bb2 b6 5. g3 Bb7 6. Bg2 a6 7. Nge2 Qc7 8. O-O d6 9. f4 Nf6 10. f5 e5 11. h3 Be7 12. g4 h6 13.
Ng3 Nd4 14. d3 b5 15. Nb1 b4 16. Nd2 Nh7 17. Nh5 Kf8 18. Nc4 Bg5 19. a3 a5 20.
Bxd4 cxd4 21. axb4 axb4 22. Rxa8+ Bxa8 23. Qa1 Bc6 24. Qa5 Qxa5 25. Nxa5 Bd7 26. Nc4 Ke7 27.
Nxg7 Nf6 28. Ra1 Rg8 29. Nh5 Nxh5 30. gxh5 Bb5 31. Ra7+ Kf6 32. Nxd6 Be3+ 33. Kf1 Be8 34. Rb7 Kg5 35. Rb8 Kf4 36. Rxe8 Rg3 37. Nxf7 Bd2 38. Nxe5 Re3 39. Nf3 Bc3 40. f6 1-0

[Event "*** Qualifier 4: Titled Tuesday 3|2 Blitz"]
[Site "Chess.com"]
[Date "2017.04.25"]
[Round "4"]
[White "pastouche06"]
[Black "EgorGeroev"]
[Result "0-1"]
[WhiteElo "2324"]
[BlackElo "2513"]
[TimeControl "180+2"]
[EndTime "13:48:15 PDT"]
[Termination "EgorGeroev won by checkmate"]

1. c4 e5 2. Nc3 Nc6 3. g3 h5 4. h4 Bc5 5. Bg2 d6 6. Nf3 Nf6 7. d3 Ng4 8. O-O a6 9. a3 Ba7 10. b4 O-O 11. Rb1 Rb8 12. a4 Ne7 13. Nh2 Nf5 14. Nxg4 hxg4 15. e3 Re8 16. b5 axb5 17. axb5 Re6 18. Ra1 Bb6 19. Nd5 Bc5 20.
Bb2 c6 21. Nc3 Rh6 22. Ne4 Nxh4 23. gxh4 Qxh4 24. Re1 Bb4 25. Bc3 Bxc3 26. Nxc3 g3 27. fxg3 Qh2+ 28. Kf1 Rf6+ 29. Bf3 Bh3# 0-1

[Event "*** Qualifier 4: Titled Tuesday 3|2 Blitz"]
[Site "Chess.com"]
[Date "2017.04.25"]
[Round "4"]
[White "rasmussvane"]
[Black "LawrenceTrent"]
[Result "1-0"]
[WhiteElo "2530"]
[BlackElo "2399"]
[TimeControl "180+2"]
[EndTime "13:48:23 PDT"]
[Termination "rasmussvane won by resignation"]

1. Nf3 Nf6 2. c4 g6 3. Nc3 Bg7 4. e4 d6 5. d4 O-O 6. Be2 e5 7.
O-O Nbd7 8. Be3 Re8 9. Qc2 Ng4 10. Bg5 f6 11. Bd2 Nh6 12. Rad1 c6 13. b4 Nf7 14.
Be3 Qe7 15. Rfe1 Nf8 16. b5 f5 17. bxc6 bxc6 18. c5 dxc5 19. dxe5 Nxe5 20. Na4 Nxf3+ 21. Bxf3 Qf6 22. Nxc5 f4 23. Bd4 Qg5 24. Bxg7 Kxg7 25. Rd6 h5 26. Rxc6 Bh3 27. Qc3+ Kh6 28. Rc7 Qd8 29.
Qg7+ Kg5 30. gxh3 Rc8 31. h4+ Kxh4 32. Rxc8 Qg5+ 33. Kh1 Rxc8 34. Nb3 Ne6 35. Qd7 Rc3 36. Qxe6 Rxf3 37. Rg1 Qg4 38. Rxg4+ hxg4 39. Kg2 Rd3 40. Qf6+ Kh5 41. Qxf4 1-0

[Event "*** Qualifier 4: Titled Tuesday 3|2 Blitz"]
[Site "Chess.com"]
[Date "2017.04.25"]
[Round "4"]
[White "Blitzstream"]
[Black "GMOratovsky"]
[Result "0-1"]
[WhiteElo "2431"]
[BlackElo "2334"]
[TimeControl "180+2"]
[EndTime "13:48:24 PDT"]
[Termination "GMOratovsky won by checkmate"]

1. g3 e5 2. Bg2 Nf6 3. b3 Nc6 4.
Bb2 d5 5. e3 Bd6 6. Ne2 O-O 7.
d3 Qe7 8. Nd2 Re8 9. h3 a5 10. a3 Bf5 11. O-O Bg6 12. Kh2 Rad8 13. Ng1 e4 14. d4 h5 15. Ne2 h4 16. Nf4 Bf5 17. Rg1 g5 18. Nh5 Bg6 19. Nxf6+ Qxf6 20. Qe2 Ne7 21. c4 Nf5 22. Nf1 c6 23. Rc1 Kg7 24.
cxd5 cxd5 25. Rc5 b6 26. Rxd5 hxg3+ 27. fxg3 Nxg3 28. Rxd6 Nxf1+ 29. Rxf1 Qxd6+ 30. Kh1 Qd5 31. Qg4 Rh8 32. Rf2 Rh4 33. Qg3 Rdh8 34. Kg1 f6 35. Qc7+ Bf7 36. Bf1 b5 37. a4 Rxh3 38. Bxh3 Rxh3 39.
axb5 Qe6 40. d5 Qg4+ 41. Rg2 Qd1+ 42. Kf2 Rf3# 0-1

[Event "*** Qualifier 4: Titled Tuesday 3|2 Blitz"]
[Site "Chess.com"]
[Date "2017.04.25"]
[Round "4"]
[White "MateusViageiro"]
[Black "djano"]
[Result "0-1"]
[WhiteElo "2270"]
[BlackElo "2429"]
[TimeControl "180+2"]
[EndTime "13:48:24 PDT"]
[Termination "djano won by resignation"]

1. d4 e6 2. Nf3 f5 3. g3 Nf6 4.
Bg2 Be7 5. O-O O-O 6. c4 d6 7.
Nc3 Ne4 8. Qc2 Nxc3 9. Qxc3 a5 10. Rd1 Bf6 11. Qc2 Nc6 12. e4 Nb4 13. Qe2 fxe4 14. Qxe4 d5 15. Qe2 dxc4 16. Qxc4 Qd5 17. Qc3 Nxa2 18.
Qxc7 Rf7 19. Qc2 Nb4 20. Qb1 Qh5 21. Bd2 Nc6 22. Bc3 Bd7 23. Qe4 Raf8 24. d5 exd5 25.
Rxd5 Qg4 26. Qxg4 Bxg4 27. Ng5 Bxc3 28. Nxf7 Bxb2 29. Rb1 Bd4 30. Rg5 Be6 31. Nd6 Rxf2 32. Kh1 a4 33. Nxb7 a3 34. Bxc6 a2 35. Rd1 a1=Q 36. Rxa1 Bxa1 37. Nc5 Bh3 38. Bg2 Rxg2 39. Rd5 Rc2 40. Nd3 Bg2+ 41. Kg1 Bxd5 0-1

[Event "*** Qualifier 4: Titled Tuesday 3|2 Blitz"]
[Site "Chess.com"]
[Date "2017.04.25"]
[Round "4"]
[White "DiogenesSinopeus"]
[Black "Quiet_Desperation"]
[Result "1-0"]
[WhiteElo "2248"]
[BlackElo "2134"]
[TimeControl "180+2"]
[EndTime "13:48:26 PDT"]
[Termination "DiogenesSinopeus won by resignation"]

1. d4 Nf6 2. c4 e6 3. Nc3 Bb4 4.
e3 b6 5. Ne2 Ba6 6. Ng3 O-O 7. e4 d5 8. cxd5 Bxf1 9. Kxf1 exd5 10.
e5 Ne8 11. Qb3 Bxc3 12. bxc3 Nc6 13. Ba3 Na5 14. Qa4 Nc4 15. Bxf8 Kxf8 16. Qc2 Kg8 17. Re1 c6 18. h4 Nc7 19. f4 c5 20. Qf2 cxd4 21.
cxd4 Nb5 22. f5 Qf8 23. Rh3 Qb4 24. f6 Nxd4 25. Kg1 Ne6 26. Nf5 g6 27. Ne7+ Kh8 28.
Nxd5 Qa5 29. Ne7 Rd8 30. h5 g5 31. Nc6 Qd5 32. Nxd8 Qxd8 33. Qe2 Qd4+ 34. Kh1 Nf4 35. Qe4 Qd8 36. Qxc4 Nxh3 1-0

[Event "*** Qualifier 4: Titled Tuesday 3|2 Blitz"]
[Site "Chess.com"]
[Date "2017.04.25"]
[Round "4"]
[White "roldieyi"]
[Black "MorpheusPro"]
[Result "0-1"]
[WhiteElo "2111"]
[BlackElo "2042"]
[TimeControl "180+2"]
[EndTime "13:48:28 PDT"]
[Termination "MorpheusPro won on time"]

1. d4 d5 2. Nf3 Nf6 3. c4 c6 4. Nc3 a6 5. Bf4 Bf5 6. c5 Nbd7 7. e3 e6 8. Bd3 Bxd3 9. Qxd3 Be7 10. O-O O-O 11.
b4 Qc8 12. h3 Bd8 13. a4 Bc7 14. Bxc7 Qxc7 15. b5 a5 16. b6 Qb8 17. e4 dxe4 18.
Nxe4 Nxe4 19. Qxe4 Nf6 20. Qe3 Nd5 21. Qd2 Qf4 22.
Qxf4 Nxf4 23. Rfd1 Rad8 24. Kf1 Rd5 25. g3 Nxh3 26. Kg2 Ng5 27. Nxg5 Rxg5 28. f4 Rd5 29. Kf3 Rfd8 30. Ke3 f6 31. Ra2 Rxc5 32. Re2 Rc4 33.
Kf3 Kf7 34. Rde1 Rd6 0-1

[Event "*** Qualifier 4: Titled Tuesday 3|2 Blitz"]
[Site "Chess.com"]
[Date "2017.04.25"]
[Round "4"]
[White "Konavets"]
[Black "Bugcrusher"]
[Result "1-0"]
[WhiteElo "2703"]
[BlackElo "2482"]
[TimeControl "180+2"]
[EndTime "13:48:31 PDT"]
[Termination "Konavets won by resignation"]

1. e4 e6 2. d4 d5 3. Nc3 Bb4 4.
e5 c5 5. a3 Bxc3+ 6. bxc3 Qa5 7. Bd2 Qa4 8. Qb1 c4 9. Ne2 Nc6 10. Ng3 Bd7 11. Be2 O-O-O 12. O-O g6 13. f4 f5 14. Qb2 Nh6 15. Rfb1 b6 16. Qc1 Nf7 17. Nf1 h6 18. Ne3 g5 19. Bh5 Rdf8 20. Nd1 g4 21.
Be1 Be8 22. Bh4 Nfd8 23. Bxe8 Rxe8 24. Nb2 Qa5 25. Qe3 Ne7 26. a4 Ng6 27. Bf6 Rh7 28.
Nd1 Nc6 29. Qd2 h5 30. Rb5 Qa6 31. Qc1 h4 32. Nf2 Rd7 33. Bg5 Rh8 34. Qb2 Rb7 35.
Nd1 g3 36. h3 Rhh7 37. Ne3 Rhd7 38. Qc1 Rb8 39. Qd1 Qb7 40. Qh5 Rg7 41. a5 Qa6 42.
Rab1 bxa5 43. Rxb8+ Nxb8 44. Bf6 Rg8 45. Qh7 Rf8 46.
Qxg6 1-0

[Event "*** Qualifier 4: Titled Tuesday 3|2 Blitz"]
[Site "Chess.com"]
[Date "2017.04.25"]
[Round "4"]
[White "swayamsm"]
[Black "VMikhalevski"]
[Result "0-1"]
[WhiteElo "2413"]
[BlackElo "2552"]
[TimeControl "180+2"]
[EndTime "13:48:58 PDT"]
[Termination "VMikhalevski won by resignation"]

1. d4 Nf6 2. c4 g6 3. Nc3 d5 4.
Nf3 Bg7 5. Bg5 Ne4 6. Bf4 Nxc3 7.
bxc3 dxc4 8. e3 Qd5 9. Bxc7 Nc6 10. Rb1 Bf5 11. Rb2 Rc8 12. Bg3 a6 13. Qa4 O-O 14. Bxc4 Qa5 15. Qb3 b5 16. Bd5 Nxd4 17. Nxd4 Rxc3 18.
Qb4 Qxb4 19. Rxb4 Rc1+ 20. Kd2 Rxh1 21. Nc6 Re8 22. a4 bxa4 23. Rxa4 Ra1 24. Rxa1 Bxa1 25. Bc4 Be4 26. Nd4 Bxg2 27. Nb3 Rd8+ 28. Ke2 Bc3 29. Bxa6 Bd5 30. Nc5 Bb4 31. Nd3 Bd6 32. f4 Ra8 33.
Bb5 Ra2+ 34. Kd1 Bf3+ 35. Kc1 h5 36. Bh4 Rxh2 37. Bg3 Rh3 38. Be1 Be4 39. Kd2 Rh2+ 40. Nf2 Bb4+ 41. Ke2 Bxe1 42. Kxe1 Bf3 43. Kf1 h4 44.
Kg1 Rg2+ 45. Kf1 Rg3 46. Bd7 f5 47. Nd3 h3 48. Kf2 h2 49. Kxg3 h1=Q 50. Ne5 Qg2+ 51. Kh4 Kg7 52. Be8 Qh2+ 0-1

[Event "*** Qualifier 4: Titled Tuesday 3|2 Blitz"]
[Site "Chess.com"]
[Date "2017.04.25"]
[Round "4"]
[White "Rock700chess"]
[Black "GM_Huschenbeth"]
[Result "0-1"]
[WhiteElo "2284"]
[BlackElo "2340"]
[TimeControl "180+2"]
[EndTime "13:49:01 PDT"]
[Termination "GM_Huschenbeth won by resignation"]

1. e4 c5 2. d4 d6 3. Nf3 cxd4 4.
c3 Nf6 5. Bd3 dxc3 6. Nxc3 Nc6 7.
O-O g6 8. h3 Bg7 9. Qe2 O-O 10.
Rd1 Bd7 11. Bc4 Rc8 12. Be3 Na5 13. Bb3 Nxb3 14. axb3 a6 15. Rac1 Qa5 16. Bg5 Be6 17.
Nd5 Bxd5 18. exd5 Rxc1 19. Rxc1 Nxd5 20. Bd2 Qb5 21. Qd1 Bxb2 22. Rb1 Bg7 23. Qc2 Qc6 24. Qd1 Rc8 25. Rc1 Qd7 26. Rb1 Nc3 27. Bxc3 Rxc3 28. Qd2 Qc6 29. Re1 e6 30. Qa2 Rc1 31. Rxc1 Qxc1+ 32. Kh2 d5 33. Qa4 Qc6 34. Qa3 d4 35. Qe7 Qc8 36. Qb4 Qc7+ 37. g3 Qd7 38. Kg2 h6 39. Qd2 e5 40. Qe2 Qd5 41. Qd2 Qxb3 42. Qe1 Qd5 43.
Qd1 b5 44. Kh2 e4 45. Nd2 e3 46. fxe3 dxe3 0-1

[Event "*** Qualifier 4: Titled Tuesday 3|2 Blitz"]
[Site "Chess.com"]
[Date "2017.04.25"]
[Round "4"]
[White "GulamaliRises"]
[Black "woodhy"]
[Result "0-1"]
[WhiteElo "2470"]
[BlackElo "2397"]
[TimeControl "180+2"]
[EndTime "13:49:08 PDT"]
[Termination "woodhy won by checkmate"]

1. e4 e6 2. d4 d5 3. Nc3 Bb4 4. e5 c5 5. Bd2 Ne7 6. Nb5 Bxd2+ 7.
Qxd2 O-O 8. f4 cxd4 9. Nf3 Nbc6 10. Bd3 f5 11. O-O Qb6 12. Qf2 a6 13. Nd6 Bd7 14. g4 Nb4 15. Qxd4 Qxd4+ 16. Nxd4 Nxd3 17. cxd3 fxg4 18. Nxb7 Nf5 19. Nxf5 Rxf5 20. Nd6 Rff8 21. d4 Rab8 22. b3 Bb5 23. Rf2 Bd3 24. Rc1 Rb4 25.
Rd1 Bg6 26. Kg2 a5 27. Kg3 a4 28. Rb2 h5 29. Kh4 Kh7 30. Kg5 Rfb8 31. Rf2 axb3 32. axb3 Rxb3 33. Re1 g3 34. Rg2 gxh2 35. Rh1 Rd3 36.
Rhxh2 Rxd4 37. f5 exf5 38. e6 Rbb4 39. Rxh5+ Bxh5 40. Kxh5 Rg4 41. e7 g6# 0-1

[Event "*** Qualifier 4: Titled Tuesday 3|2 Blitz"]
[Site "Chess.com"]
[Date "2017.04.25"]
[Round "4"]
[White "Ibtihal24"]
[Black "rithwik2002"]
[Result "0-1"]
[WhiteElo "1476"]
[BlackElo "1801"]
[TimeControl "180+2"]
[EndTime "13:49:11 PDT"]
[Termination "rithwik2002 won on time"]

1. d4 Nf6 2. Bf4 d5 3. Nd2 c5 4.
c3 Nc6 5. Ngf3 e6 6. h3 Bd6 7.
Bg5 h6 8. Bh4 g5 9. Bg3 Bxg3 10.
fxg3 Qc7 11. e3 Qxg3+ 12. Ke2 b6 13. Qe1 Qd6 14. g4 e5 15. dxe5 Nxe5 16. Bg2 Ba6+ 17. Kd1 Nd3 18. Qg1 Nxb2+ 19. Kc2 Nc4 20. Nxc4 Bxc4 21. Qd1 Ne4 22. Nd2 Nf2 23. Qf3 Qg6+ 24.
e4 Nxe4 25. Nxe4 Qxe4+ 26. Qxe4+ dxe4 27. Bxe4 O-O-O 28. Rad1 Rxd1 29. Rxd1 Bxa2 30. Bf5+ Be6 31. Bd3 Rd8 0-1

[Event "*** Qualifier 4: Titled Tuesday 3|2 Blitz"]
[Site "Chess.com"]
[Date "2017.04.25"]
[Round "4"]
[White "BogdanDeac"]
[Black "jcibarra"]
[Result "0-1"]
[WhiteElo "2562"]
[BlackElo "2686"]
[TimeControl "180+2"]
[EndTime "13:49:13 PDT"]
[Termination "jcibarra won by resignation"]

1. d4 Nf6 2. Bf4 d6 3. Nc3 Nbd7 4. Nf3 c6 5. e4 Qa5 6. Bd2 e5 7. Bc4 exd4 8. Nd5 Qd8 9. Nxf6+ Nxf6 10. Ng5 d5 11. exd5 Nxd5 12. O-O Be7 13. Qh5 g6 14.
Qh6 Be6 15. Nxe6 fxe6 16. Qg7 Kd7 17. Qxd4 Qb6 18. Qe4 Rae8 19. Bb3 Bd6 20. c4 Nf6 21.
Qe2 Kc8 22. Bc3 Rhf8 23. Rad1 Qc7 24. g3 Nd7 25. Bc2 e5 26. b4 e4 27. c5 Be5 28. Bd2 Nf6 29. Be3 Nd5 30. b5 Nc3 31. Qg4+ Rf5 32. b6 axb6 33. cxb6 Qf7 34. Rde1 h5 35. Qh3 Qxa2 36. Bb1 Nxb1 37. Rxb1 Qe6 38. Rfd1 Rf3 39. Qf1 h4 40. Qe2 hxg3 41. fxg3 Rh8 42. Bf2 Qh3 43. Be1 Rf1+ 0-1

[Event "*** Qualifier 4: Titled Tuesday 3|2 Blitz"]
[Site "Chess.com"]
[Date "2017.04.25"]
[Round "4"]
[White "Sebastian"]
[Black "Rikikits"]
[Result "1-0"]
[WhiteElo "2743"]
[BlackElo "2605"]
[TimeControl "180+2"]
[EndTime "13:49:20 PDT"]
[Termination "Sebastian won on time"]

1. e4 c5 2. Nf3 d6 3. d4 cxd4 4.
Nxd4 Nf6 5. Nc3 Nc6 6. Bg5 Qb6 7.
Nb3 e6 8. Bxf6 gxf6 9. Qd2 a6 10. O-O-O Qc7 11. f4 b5 12. Kb1 Bb7 13. Bd3 O-O-O 14. Rhf1 Kb8 15. Qf2 Rc8 16. a3 b4 17. axb4 Nxb4 18.
Qd4 Nc6 19. Qa4 Qb6 20. Nd2 Na5 21. Nc4 Nxc4 22. Bxc4 f5 23. exf5 d5 24. Bb3 Bg7 25. fxe6 fxe6 26. f5 Bxc3 27. bxc3 e5 28. f6 Ka7 29. f7 Rhf8 30. Rf5 Rxc3 31. Rdf1 e4 32. Qa3 Rcc8 33. Qe7 Ka8 34. Rf6 Qb5 35. R1f5 a5 36. Qa3 e3 37. Re5 e2 38. Ka2 Ka7 39. Rf2 Rc3 40.
Qxf8 a4 41. Qa3 Rxc2+ 42. Bxc2 Qc4+ 43. Kb1 1-0

[Event "*** Qualifier 4: Titled Tuesday 3|2 Blitz"]
[Site "Chess.com"]
[Date "2017.04.25"]
[Round "4"]
[White "gumersindo"]
[Black "underdogchss"]
[Result "1/2-1/2"]
[WhiteElo "2274"]
[BlackElo "2390"]
[TimeControl "180+2"]
[EndTime "13:49:23 PDT"]
[Termination "Game drawn - insufficient material"]

1. d4 Nf6 2. c4 e6 3. Nc3 Bb4 4.
Qc2 O-O 5. a3 Bxc3+ 6. Qxc3 b6 7. Bg5 Bb7 8. f3 h6 9. Bh4 d5 10. e3 Re8 11. Bd3 Nbd7 12. Ne2 c5 13. O-O cxd4 14.
Qxd4 Nc5 15. cxd5 e5 16. Bxf6 exd4 17. Bxd8 Rexd8 18. Rad1 Nxd3 19. Rxd3 Ba6 20. Rfd1 Bxd3 21. Rxd3 dxe3 22. Nc3 Re8 23. Kf1 f5 24. g3 g5 25. f4 gxf4 26. gxf4 e2+ 27. Nxe2 Re4 28. Rd2 Rd8 29. Kf2 Kf7 30. Kf3 Rc4 31. Nc3 Rg8 32.
h3 h5 33. Ne2 Rd8 34. Ng3 Kg6 35. Nf1 h4 36. Ne3 Rc5 37. Rg2+ Kf6 38. Rg5 Rdxd5 39. Nxd5+ Rxd5 40. Ke3 Rc5 41. Kd3 Rd5+ 42. Ke3 Rc5 43. Kd3 Rd5+ 44. Ke3 Rb5 45. b4 a5 46. Rh5 axb4 47.
axb4 Rxb4 48. Rxh4 Kg6 49. Rh8 Re4+ 50. Kf3 b5 51. Rb8 b4 52. h4 Rc4 53. Ke3 Re4+ 54. Kf3 Rc4 55. Ke3 Re4+ 56. Kf3 Rc4 57. Ke3 Rc3+ 58.
Kd4 Rb3 59. Rb5 Rf3 60. h5+ Kxh5 61. Rxf5+ Kg4 62. Rg5+ Kxf4 63. Rb5 b3 64. Kc4 Re3 65. Rxb3 Rxb3 66. Kxb3 1/2-1/2

[Event "*** Qualifier 4: Titled Tuesday 3|2 Blitz"]
[Site "Chess.com"]
[Date "2017.04.25"]
[Round "4"]
[White "ViIIagra"]
[Black "IIIlllII1llIl"]
[Result "0-1"]
[WhiteElo "2491"]
[BlackElo "2547"]
[TimeControl "180+2"]
[EndTime "13:49:24 PDT"]
[Termination "IIIlllII1llIl won by resignation"]

1. e4 c6 2. d4 d5 3. e5 Bf5 4. h4 c5 5. g4 Bd7 6. c3 e6 7. h5 Qb6 8. Bg2 Bb5 9. a4 Bc4 10.
a5 Qc7 11. Qa4+ Nd7 12. Na3 Bd3 13. Rh3 c4 14. Rxd3 cxd3 15. Bf1 Bxa3 16. Qxa3 Ne7 17. Bxd3 a6 18. h6 gxh6 19. Bxh6 Rg8 20. f3 f5 21. Nh3 fxg4 22. fxg4 Nxe5 23. dxe5 Qxe5+ 24. Be2 Rxg4 25. Kd2 Rg2 26. Re1 Ng6 27. Kd1 Qf5 28. Qa4+ Kd8 29.
Bg5+ Rxg5 30. Nxg5 Qxg5 31. Qb4 Qe7 32. Qb6+ Qc7 33. Qd4 e5 34. Qxd5+ Qd7 35. Bf3 Qxd5+ 36. Bxd5 Kc7 37. Kc2 Rf8 38. Be4 Rf7 39. Rh1 Nf8 40.
Rh6 Rf2+ 41. Kb3 Rf7 42. Rb6 Kc8 43. Rh6 Re7 44. Kc4 Kc7 45. Kd5 Kd8 46. Kc5 Kc7 47.
b3 Ne6+ 48. Kb4 Ng5 49. Bf5 e4 50. Bg4 e3 51. Be2 Ne6 52. Rh4 Kd6 53. c4 Ke5 54.
Kc3 Nf4 55. Bf3 e2 56. Rh1 Rd7 57. Re1 Rd3+ 0-1

[Event "*** Qualifier 4: Titled Tuesday 3|2 Blitz"]
[Site "Chess.com"]
[Date "2017.04.25"]
[Round "4"]
[White "Ingemars_Jesse"]
[Black "PowerThinking2650"]
[Result "0-1"]
[WhiteElo "2434"]
[BlackElo "2304"]
[TimeControl "180+2"]
[EndTime "13:49:24 PDT"]
[Termination "PowerThinking2650 won by resignation"]

1. Nf3 Nf6 2. g3 g6 3. b3 Bg7 4. Bb2 O-O 5. Bg2 d6 6. d4 Ne4 7. O-O c5 8. c4 Nc6 9. Nbd2 Bf5 10. Nh4 Nxd2 11. Qxd2 Nxd4 12. Nxf5 Nxf5 13. Bxg7 Kxg7 14. Bxb7 Rb8 15. Bg2 h5 16. Bh3 Nd4 17. Bg2 a5 18. e3 Nf5 19. Bh3 e6 20. Rfd1 a4 21. Bxf5 gxf5 22. Qxd6 Qxd6 23. Rxd6 axb3 24. axb3 Rxb3 25.
Ra5 h4 26. Kg2 hxg3 27. hxg3 Rb2 28. Rd7 Rc2 29. Rxc5 Rb8 30. Rcc7 Rbb2 31. Rxf7+ Kg6 32. Rfe7 Rxf2+ 33. Kg1 Rg2+ 34. Kh1 Rh2+ 35. Kg1 Rbg2+ 36. Kf1 Rf2+ 37. Kg1 Rhg2+ 38. Kh1 Kf6 39. Rf7+ Ke5 40. Rfe7 Ke4 41. Ra7 Kf3 42. Ra1 Rh2+ 0-1

[Event "*** Qualifier 4: Titled Tuesday 3|2 Blitz"]
[Site "Chess.com"]
[Date "2017.04.25"]
[Round "4"]
[White "Beca95"]
[Black "Fandorine"]
[Result "0-1"]
[WhiteElo "2684"]
[BlackElo "2712"]
[TimeControl "180+2"]
[EndTime "13:49:31 PDT"]
[Termination "Fandorine won on time"]

1. d4 Nf6 2. c4 e6 3. Nc3 Bb4 4.
Nf3 b6 5. Bg5 Bb7 6. Nd2 h6 7.
Bh4 Bxc3 8. bxc3 d6 9. e3 Nbd7 10. f3 Qe7 11. Bd3 e5 12. Qe2 g5 13. Bf2 e4 14. Bc2 Rg8 15. Rf1 O-O-O 16. Bg3 exf3 17. gxf3 Nh5 18. O-O-O Kb8 19. Nb3 Rde8 20. Bf2 Nf4 21. Qd2 Ng6 22. Bg1 Nh4 23. e4 f5 24. c5 dxc5 25. dxc5 Ne5 26. Qe2 g4 27. fxg4 fxe4 28. h3 Nhf3 29. Bd4 Qg5+ 30. Kb1 Ng6 31. Be3 Qe5 32.
Qc4 Qf6 33. Nd4 Nge5 34. Qb3 bxc5 35. Nxf3 Nxf3 36. Bxc5 Ka8 37. Ka1 Rb8 38. Qa3 a6 39. Rb1 Qc6 40. Rfd1 Rgd8 41. Rxd8 Rxd8 42. Qb4 Rb8 43. Be3 Ne5 0-1

[Event "*** Qualifier 4: Titled Tuesday 3|2 Blitz"]
[Site "Chess.com"]
[Date "2017.04.25"]
[Round "4"]
[White "RichardLeyvaP"]
[Black "GrigorGrigorov"]
[Result "1-0"]
[WhiteElo "2416"]
[BlackElo "2498"]
[TimeControl "180+2"]
[EndTime "13:49:31 PDT"]
[Termination "RichardLeyvaP won by resignation"]

1. e4 g6 2. d4 Bg7 3. Nc3 c6 4.
Bc4 d6 5. Qf3 e6 6. Nge2 Nd7 7.
Bb3 Ngf6 8. Bf4 e5 9. dxe5 dxe5 10. Bg5 O-O 11. O-O Nc5 12. Rad1 Qe7 13. h3 b5 14. a3 a5 15. Ng3 Nxb3 16. cxb3 h6 17. Be3 Be6 18. Rc1 Bxb3 19. Nb1 Bc4 20. Rfe1 Qe6 21.
Nd2 Bd3 22. Rc3 Rfd8 23. Rec1 Qd7 24. Bb6 b4 25. Rxc6 Bb5 26. Bxd8 Rxd8 27. R6c2 bxa3 28. bxa3 Ba4 29. Rb2 h5 30. Ndf1 Qd4 31. Rd2 Qb6 32.
Rxd8+ Qxd8 33. Qc3 h4 34. Ne2 Nxe4 35. Qc8 Qxc8 36.
Rxc8+ Bf8 37. Ra8 Bd1 38. Nc1 a4 39. Ne3 Bb3 40. Nxb3 axb3 41. Rb8 Nd2 42. a4 Kg7 43. a5 Bc5 44. a6 f5 45. Nd1 Nc4 46. Rc8 b2 47. Nxb2 1-0

[Event "*** Qualifier 4: Titled Tuesday 3|2 Blitz"]
[Site "Chess.com"]
[Date "2017.04.25"]
[Round "4"]
[White "Indianlad"]
[Black "Yaacovn"]
[Result "1/2-1/2"]
[WhiteElo "2697"]
[BlackElo "2613"]
[TimeControl "180+2"]
[EndTime "13:49:33 PDT"]
[Termination "Game drawn by repetition"]

1. d4 Nf6 2. c4 e5 3. dxe5 Ne4 4.
Nf3 Nc6 5. Nbd2 Bb4 6. a3 Nxd2 7. Bxd2 Bxd2+ 8. Qxd2 O-O 9. Qc3 Qe7 10. Rd1 Re8 11. Rd5 b6 12. g3 Bb7 13. Bg2 d6 14. O-O Nxe5 15. Nxe5 dxe5 16. Rd2 Bxg2 17. Kxg2 e4 18. Rfd1 e3 19. Rd7 Qe6 20. f3 Rac8 21. R1d4 h5 22.
Qd3 Re7 23. Rxe7 Qxe7 24. Re4 Qf6 25. b4 c5 26. Qxe3 cxb4 27. axb4 a5 28. bxa5 bxa5 29. Re8+ Rxe8 30. Qxe8+ Kh7 31. c5 Qc3 32. c6 Kh6 33.
Qe4 g6 34. Qf4+ Kg7 35. c7 a4 36. Qxa4 Qxc7 37. Qe4 Qd6 38. f4 Qd1 39. Qe5+ Kg8 40. Kh3 Qf1+ 41. Kh4 Qd1 42. Kg5 Qd8+ 43. Qf6 Qf8 44. f5 Qc5 45. Kh6 Qf8+ 46. Kg5 Qc5 47. Qd8+ Kg7 48. Qf6+ Kg8 1/2-1/2

[Event "*** Qualifier 4: Titled Tuesday 3|2 Blitz"]
[Site "Chess.com"]
[Date "2017.04.25"]
[Round "4"]
[White "ChristopherYoo"]
[Black "djogrodek1"]
[Result "1-0"]
[WhiteElo "2287"]
[BlackElo "2379"]
[TimeControl "180+2"]
[EndTime "13:49:46 PDT"]
[Termination "ChristopherYoo won by resignation"]

1. e4 c6 2. d4 d5 3. Nc3 dxe4 4.
Nxe4 Bf5 5. Ng3 Bg6 6. h4 h6 7. h5 Bh7 8. Nf3 e6 9. Bd3 Bxd3 10. Qxd3 Nf6 11. Bd2 Be7 12. O-O-O O-O 13. Ne4 Nxe4 14.
Qxe4 Qd5 15. Qxd5 cxd5 16. g4 Nc6 17. g5 hxg5 18. Bxg5 Bxg5+ 19. Nxg5 Rac8 20. Rh4 Ne7 21. Rg1 Nf5 22. Rhg4 Rc4 23. c3 Rfc8 24. Kd2 b5 25. Nf3 b4 26. Rc1 f6 27. Rgg1 Kf7 28. Kd3 Rh8 29.
cxb4 Rxb4 30. Rc7+ Kg8 31. Rc8+ Kh7 32. Rxh8+ Kxh8 33. b3 Rb8 34. Rc1 Rb7 35. Rc6 Re7 36. Rc8+ Kh7 37. Rd8 Rb7 38. Re8 Rb6 39. Rd8 Ra6 40.
a4 Rc6 41. Re8 a6 42. a5 g5 43. hxg6+ Kxg6 44. Ne1 Kf7 45. Ra8 e5 46. dxe5 fxe5 47.
Nc2 d4 48. Nb4 Rc3+ 49. Ke4 Ke6 50. Re8+ Kf6 51. Rf8+ Ke6 52. Rxf5 Rxb3 53. Rxe5+ Kd6 54. Rd5+ Ke6 55. Rxd4 Ra3 56. Nc6 Kf7 57. f4 Kg6 58. f5+ Kg5 59. Rd6 Ra4+ 60. Ke5 Kh5 61. f6 Kg6 62. Ke6 Re4+ 63. Ne5+ Kh6 64. f7 Kg7 65. Rd8 Kh7 66. Rh8+ Kxh8 67. f8=Q+ Kh7 68. Qf5+ 1-0

[Event "*** Qualifier 4: Titled Tuesday 3|2 Blitz"]
[Site "Chess.com"]
[Date "2017.04.25"]
[Round "4"]
[White "Shivagami"]
[Black "Rogue_King"]
[Result "1-0"]
[WhiteElo "1949"]
[BlackElo "2108"]
[TimeControl "180+2"]
[EndTime "13:49:47 PDT"]
[Termination "Shivagami won by resignation"]

1. d4 Nf6 2. Bf4 d5 3. e3 Bf5 4. c4 e6 5. Nc3 c6 6. Qb3 Qc8 7. cxd5 exd5 8. Rc1 Nbd7 9. Nb5 cxb5 10. Rxc8+ Rxc8 11. Bxb5 Rc1+ 12. Kd2 Rc2+ 13. Kd1 Rxf2 14. Ne2 Be7 15.
Bxd7+ Bxd7 16. Qxb7 O-O 17. Bg3 Rxg2 18. Nf4 Bg4+ 19. Kc1 Rc8+ 20. Qxc8+ Bxc8 21. Nxg2 Bf5 22. Nf4 Ng4 23. Kd2 Bb4+ 24. Ke2 Be4 25. Rc1 g5 26.
Nh5 h6 27. h3 Bf5 28. Rf1 Bd7 29. Rc1 Kh7 30. Rc7 Be6 31. Rxa7 Kg6 32. hxg4 Bxg4+ 33. Kd3 Bf5+ 34. Ke2 Bg4+ 35. Kf2 Bxh5 36. a3 Bf8 37. b4 Bg4 38. b5 h5 39. b6 Bc8 40. b7 Bxb7 41. Rxb7 Bxa3 42. Rb5 h4 43. Bh2 f5 44. Rxd5 g4 45. Kg2 Bb4 46. Bd6 Be1 47. Re5 h3+ 48.
Kh2 Bd2 49. Re6+ Kg5 50. Bf4+ 1-0

[Event "*** Qualifier 4: Titled Tuesday 3|2 Blitz"]
[Site "Chess.com"]
[Date "2017.04.25"]
[Round "4"]
[White "Gordima"]
[Black "AllStarShark"]
[Result "1-0"]
[WhiteElo "2500"]
[BlackElo "2293"]
[TimeControl "180+2"]
[EndTime "13:49:54 PDT"]
[Termination "Gordima won by checkmate"]

1. e4 e5 2. Nf3 Nc6 3. Bb5 a6 4. Ba4 Nf6 5. Qe2 Be7 6. c3 b5 7. Bc2 d5 8. exd5 Qxd5 9. d3 Bg4 10.
Nbd2 O-O 11. h3 Bh5 12. O-O Rfe8 13. Bb3 Qd7 14. Ne4 Nxe4 15. dxe4 Na5 16. Bc2 Bxf3 17.
Qxf3 Rad8 18. b3 Qe6 19. Qg4 Qxg4 20. hxg4 h6 21. g3 c5 22. Be3 Nb7 23. Rfd1 Rxd1+ 24. Rxd1 Rd8 25. Rc1 Kf8 26. Kf1 Bg5 27. f4 Bf6 28. c4 exf4 29. gxf4 Bd4 30. Ke2 Bxe3 31. Kxe3 b4 32. e5 Ke7 33. Be4 Rd7 34. a3 a5 35.
Bd5 Nd8 36. axb4 axb4 37. Ra1 Rc7 38. f5 g6 39. Ke4 Nc6 40. f6+ Kd7 41. Bxf7 Nd4 42.
Bxg6 Nxb3 43. Rd1+ Kc8 44. Bf5+ Kb7 45. e6 Nd4 46.
Rxd4 cxd4 47. Kxd4 Kc6 48. f7 Rc8 49. e7 Rc7 50. e8=Q+ Kb6 51. f8=Q b3 52. Qb4+ Ka6 53. Qea4# 1-0